AoeStats
← 皮蛋不是蛋

Arabia

510309054Analyzed
2v2 RM · 18h ago on Sep 30, 2026· 25m 56s· 4 players
Game mode
Random Map
Map size
Medium (4 player)
Population
200
Speed
Normal
Resources
Standard
Victory
Conquest
Starting age
Dark Age
Ending age
Imperial Age
RankedLock teamsTeams togetherTeam positionsShared explorationLock speedFull tech treeHidden civsTurbo modeCheats
Victory
Defeat
🇫🇷 Khmer · France
1325
+11
🇫🇷 Bohemians · France
1166
+17
🇹🇷 Malians · Türkiye
1194
-14
🇹🇷 Ethiopians · Türkiye
1194
-14
Jean-Cloud
9:17 Feudal Age
11:46 Double-Bit Axe
11:50 Horse Collar
12:32 Loom
21:12 Castle Age
20:31 Scale Barding Armor
21:38 Gold Mining
22:48 Bow Saw
22:08 Light Cavalry
23:03 Bloodlines
23:49 Forging
25:22 Chain Barding Armor
26:04 Iron Casting
Skunq aka toxic
8:56 Loom
11:15 Feudal Age
16:00 Castle Age
15:19 Double-Bit Axe
15:24 Horse Collar
24:45 Pikeman
皮蛋不是蛋
7:31 Loom
12:02 Feudal Age
13:08 Double-Bit Axe
15:32 Horse Collar
17:03 Fletching
25:30 Castle Age
25:21 Gold Mining
25:40 Crossbowman
26:25 Thumb Ring
花生厚片
5:38 Loom
9:35 Feudal Age
16:04 Double-Bit Axe
16:02 Horse Collar
22:45 Castle Age
21:11 Gold Mining
21:12 Stone Mining
24:12 Wheelbarrow
Connection lost

Rejoining the realm…

Still unreachable

The connection could not be restored.

Session expired

The server has moved on; the page needs a fresh start.